 Dungeon Crawl Stone Soup version 0.22-a0-785-g6253c82ace (webtiles) character file.

63 Htamos the Chopper (level 4, 36/36 HPs)
             Began as a Human Berserker on July 20, 2018.
             Was a Believer of Trog.
             Quit the game on level 2 of the Dungeon.
             The game lasted 00:01:58 (2856 turns).

Htamos the Chopper (Human Berserker)                Turns: 2856, Time: 00:01:58

Health: 36/36      AC:  2    Str: 18    XL:     4   Next: 31%
Magic:  4/4        EV: 13    Int:  7    God:    Trog [**....]
Gold:   56         SH:  0    Dex: 13    Spells: 3/3 levels left

rFire    . . .     SeeInvis .   a - +0 hand axe
rCold    . . .     Gourm    .   (no shield)
rNeg     . . .     Faith    .   b - +0 animal skin
rPois    .         Spirit   .   (no helmet)
rElec    .         Reflect  .   (no cloak)
rCorr    .         Harm     .   (no gloves)
MR       .....                  (no boots)
Stlth    +.........             (no amulet)
HPRegen  0.12/turn              (no ring)
MPRegen  0.09/turn              (no ring)

@: no status effects
A: no striking features
a: Berserk, Trog's Hand, Renounce Religion


You were on level 2 of the Dungeon.
You worshipped Trog.
Trog was pleased with you.
You were not hungry.

You visited 1 branch of the dungeon, and saw 2 of its levels.

You collected 56 gold pieces.

Inventory:

Hand Weapons
 a - a +0 hand axe (weapon)
Armour
 b - a +0 animal skin (worn)
 h - a +0 buckler
Jewellery
 g - an uncursed amulet of guardian spirit {unknown}
Scrolls
 d - a scroll of amnesia {unknown}
 e - a scroll of fog {unknown}
 f - 3 scrolls of teleportation {unknown}
 i - 2 scrolls of remove curse {unknown}
 m - a scroll of fear {unknown}
Potions
 j - a potion of curing {unknown}
 l - a potion of flight {unknown}
Comestibles
 c - 2 rations


   Skills:
 + Level 3.6 Fighting
 + Level 3.6 Axes
 - Level 2.0 Armour
 * Level 3.1 Dodging


You had 3 spell levels left.
You didn't know any spells.
Your spell library was empty.

Dungeon Overview and Level Annotations

Branches:
Dungeon (2/15)

Altars:
Okawaru
The Shining One


Message History

The bat is moderately wounded.
The bat closely misses you. The bat hits you but does no damage.
A bat is nearby!
You hit the bat.
You kill the bat!
Trog accepts your kill.
No target in view!
Found a stone staircase leading down.
Eating a chunk of flesh.
You eat the chunk of flesh.
This raw flesh tastes terrible.
There is a stone staircase leading down here.
You see here a stone.
f - 3 scrolls labeled KUNLIG ENYIKUY (gained 1)
Found a throwing net.
Done exploring.
Done exploring.
Done exploring.
No target in view!
No target in view!
Are you sure you want to abandon this character and quit the game? (Confirm with "yes".)

############## ######
#...(...#....# #.....
#.......#....# #.....
#.......#....# #.....
#.......#....# #..... ##
#.......#....########..... .#
#.......#....##........... .#
#.......#@...##...........
.#######.......#....##...........
...............#....##........#..
.............................#_#.
...............#..............#..
...............##................
.........>...................#..#
......(..........###.##'######.##
.................# #..#.######.##


There were no monsters in sight!

Vanquished Creatures
  2 adders (D:2)
  An ooze (D:1)
  A dart slug (D:1)
  2 leopard geckos
  A ball python (D:1)
  4 giant cockroaches
  9 hobgoblins
  2 bats
  2 frilled lizards (D:1)
  3 goblins
  5 kobolds
  3 rats
35 creatures vanquished.

Notes
Turn   | Place    | Note
-------+----------+-------------------------------------------
     0 | D:1      | Htamos the Human Berserker began the quest for the Orb.
     0 | D:1      | Reached XP level 1. HP: 18/18 MP: 1/1
   180 | D:1      | Reached XP level 2. HP: 14/24 MP: 2/2
   738 | D:1      | Found a glowing golden altar of the Shining One.
   930 | D:1      | Reached XP level 3. HP: 18/29 MP: 3/3
  1914 | D:2      | Reached ** piety under Trog
  1919 | D:2      | Reached XP level 4. HP: 22/35 MP: 4/4
  2446 | D:2      | Found an iron altar of Okawaru.
  2856 | D:2      | Quit the game

Vault maps used:
D:1:      lemuel_arrival_hallway, serial_park_tiny_pond, tso_metal_star
D:2:      first_ration, okawaru_metal_pillars_1_2

Skill      XL: |  1  2  3  4 |
---------------+-------------+-----
Dodging        | 3 |  3.1
Fighting       | |  3.6
Axes           | |  3.6
Armour         | |  2.0

Action                   |  1- 3 |  4- 6 || total
-------------------------+-------+-------++-------
Melee: Hand axe          |   109 |    19 ||   128
Invok: Berserk           |     3 |       ||     3
 Stab: Sleeping          |     1 |     1 ||     2
       Distracted        |     1 |       ||     1
  Eat: Chunk             |     5 |     4 ||     9
Armor: Animal skin       |    13 |     5 ||    18
Dodge: Dodged            |    67 |     6 ||    73

Table legend:
 A = Spawn XP
 B = Non-spawn XP
 C = Spawn XP percentage of total XP
 D = Spawn monster count
 E = Non-spawn monster count
 F = Spawn count percentage of total count
 G = Total turns spent on level
                    A         B        C        D         E        F      G
               +---------+---------+-------+---------+---------+-------+---------
         Total |       0 |      91 |   0.0 |       0 |      35 |   0.0 |  2856
               +---------+---------+-------+---------+---------+-------+---------
           D:1 |       0 |      48 |   0.0 |       0 |      24 |   0.0 |  1790
           D:2 |       0 |      43 |   0.0 |       0 |      11 |   0.0 |  1066
               +---------+---------+-------+---------+---------+-------+---------
